[Event "Norwegian Championship 2022"]
[Site "Kongsvinger, Norway"]
[Date "2022.07.14"]
[Round "7"]
[White "Agdestein, Simen"]
[Black "Vestby-Ellingsen, Mads"]
[Result "1-0"]
[Board "1"]
[TimeControl "40/5400+30:1800+30"]
[WhiteTitle "GM"]
[BlackTitle "IM"]
[WhiteFideId "1500015"]
[BlackFideId "1520857"]
[WhiteElo "2559"]
[BlackElo "2351"]

1. d4 Nf6 2. c4 e6 3. Nc3 Bb4 4. e3 O-O 5. Bd3 c5 6. Nf3 d5 7. O-O dxc4 8. Bxc4 cxd4 9. exd4 b6 10.
Qa4 Be7 11. Rd1 Bb7 12. Ne5 Nd5 13. Qb3 Nxc3 14. bxc3 Bd5 15. Bxd5 exd5 16. Bf4 Bf6 17. Rac1 Bxe5 18. dxe5 Nc6 19.
Rxd5 Qc8 20. Rcd1 Na5 21. Qc2 Qg4 22. Bc1 Rac8 23. f4 Rfe8 24. h3 Qe6 25. f5 Qc6 26. R1d3 Nc4 27. Bf4 Na3 28.
Qb3 Nc4 29. Qc2 Na3 30. Qb2 Nc4 31. Qf2 Qa4 32. f6 Nb2 33. R3d4 Qxa2 34. Bc1 Rxc3 35. Bxb2 Rcc8 36. Kh2 Qb1 37.
Qg3 g6 38. Qg5 1-0

[Event "Norwegian Championship 2022"]
[Site "Kongsvinger, Norway"]
[Date "2022.07.14"]
[Round "7"]
[White "Kaasen, Tor Fredrik"]
[Black "Hauge, Lars Oskar"]
[Result "1-0"]
[Board "2"]
[TimeControl "40/5400+30:1800+30"]
[WhiteTitle "IM"]
[BlackTitle "GM"]
[WhiteFideId "1516647"]
[BlackFideId "1509276"]
[WhiteElo "2433"]
[BlackElo "2526"]

1. e4 e5 2. Nf3 Nc6 3. Bc4 Nf6 4. d3 Bc5 5. O-O d6 6. c3 a5 7. Re1 Ba7 8. Na3 O-O 9. Bg5 h6 10.
Bh4 g5 11. Bg3 Bg4 12. Nc2 Bh5 13. Ne3 Bg6 14. h3 Nh5 15. Bh2 Nf4 16. Nd2 Kh8 17. Ndf1 f5 18. exf5 Bxf5 19. Nxf5 Rxf5 20.
Ne3 Rf8 21. Rf1 Qf6 22. Kh1 Qg7 23. Qd2 Ne7 24. Rae1 Rad8 25. Bb3 Neg6 26. g3 Nh5 27. Qd1 Nf6 28. d4 Rde8 29. Bc2 e4 30.
f3 d5 31. fxe4 dxe4 32. Ng4 c5 33. Nxf6 Rxf6 34. Rxf6 Qxf6 35. Rxe4 Rxe4 36. Bxe4 cxd4 37. Bg1 Ne5 38. cxd4 Nc4 39.
Bxb7 Qe6 40. Bg2 Ne3 41. d5 Qf5 42. Qf3 1-0

[Event "Norwegian Championship 2022"]
[Site "Kongsvinger, Norway"]
[Date "2022.07.14"]
[Round "7"]
[White "Østmoe, Geir Sune Tallaksen"]
[Black "Hammer, Jon Ludvig"]
[Result "0-1"]
[Board "3"]
[TimeControl "40/5400+30:1800+30"]
[WhiteTitle "IM"]
[BlackTitle "GM"]
[WhiteFideId "1502778"]
[BlackFideId "1503707"]
[WhiteElo "2483"]
[BlackElo "2638"]

1. d4 Nf6 2. Nf3 d5 3. c4 e6 4. g3 Bb4+ 5. Nc3 O-O 6. Bg2 dxc4 7. O-O Nc6 8. Qa4 Nd5 9. Qc2 Be7 10.
Rd1 Ncb4 11. Qd2 Nb6 12. a3 N4d5 13. e4 Nxc3 14. Qxc3 Bd7 15. Be3 Ba4 16. Rd2 Bb3 17. d5 exd5 18.
Bxb6 axb6 19. Rxd5 Qc8 20. Nd4 c6 21. Rh5 g6 22. Bh3 Qd8 23. Ne6 Bf6 24. e5 fxe6 25. Bxe6+ Kg7 26. exf6+ Qxf6 27.
Rh4 Qxc3 28. bxc3 b5 29. Re4 Rfe8 30. f4 Kf6 31. Rae1 Bc2 32. Re5 Bf5 33. Bxc4 Rxe5 34. fxe5+ Ke7 35.
Be2 Rxa3 36. g4 Be6 37. Rc1 Bd5 38. Kf2 Ke6 39. Ke3 b4 40. Kd4 c5+ 0-1

[Event "Norwegian Championship 2022"]
[Site "Kongsvinger, Norway"]
[Date "2022.07.14"]
[Round "7"]
[White "Elsness, Frode"]
[Black "Urkedal, Frode Olav Olsen"]
[Result "1/2-1/2"]
[Board "4"]
[TimeControl "40/5400+30:1800+30"]
[WhiteTitle "IM"]
[BlackTitle "GM"]
[WhiteFideId "1501100"]
[BlackFideId "1506102"]
[WhiteElo "2464"]
[BlackElo "2555"]

1. e4 e5 2. Nf3 Nc6 3. Bc4 Nf6 4. Ng5 d5 5. exd5 Na5 6. Bb5+ c6 7. dxc6 bxc6 8. Bd3 Nd5 9. Nf3 Bd6 10.
O-O O-O 11. Re1 f5 12. Nxe5 Qf6 13. Nf3 g5 14. c4 Nf4 15. Bf1 g4 16. d4 gxf3 17. Qxf3 Ne6 18. Qc3 c5 19. Qxa5 Nxd4 20.
Nc3 Qg6 21. Kh1 Qh5 22. f4 Bb7 23. Nd5 Nc2 24. Be3 Bxd5 25. cxd5 Rae8 26. Qc3 Nxa1 27. Rxa1 Re4 28. Bxc5 Bxf4 29.
Qh3 Qxh3 30. gxh3 Rfe8 31. d6 Be3 32. b4 Kf7 33. Bb5 Rd8 34. Rd1 Re5 35. Bc4+ Kf6 36. Bd5 f4 37. Kg2 Bxc5 38.
bxc5 Re2+ 39. Kf3 Rc2 40.
Kxf4 Rxc5 41. Bb3 Rd7 42. Ke4 Re5+ 43. Kf4 Rb5 44. Ke4 Rb6 45. Rf1+ Kg6 46. Ke5 Rdxd6 47. Rf7 a6 48. Rc7 h6 49.
Bf7+ Kg7 50. Bd5+ Kf8 51. a4 Rg6 52. h4 Rg1 53. Bc6 Rc1 54. Kd6 a5 55. h5 Rb2 56. Ra7 Rb6 57. Rc7 Rc2 58.
h3 Rc3 59. Kd5 Rc1 60. Kd6 Rc4 61. Kd5 Rh4 62. Ke6 Rc4 1/2-1/2

[Event "Norwegian Championship 2022"]
[Site "Kongsvinger, Norway"]
[Date "2022.07.14"]
[Round "7"]
[White "Abdrlauf, Elham"]
[Black "Tallaksen, Levi André"]
[Result "0-1"]
[Board "5"]
[TimeControl "40/5400+30:1800+30"]
[WhiteTitle "FM"]
[BlackTitle "FM"]
[WhiteFideId "1533533"]
[BlackFideId "1505785"]
[WhiteElo "2466"]
[BlackElo "2341"]

1. e4 e5 2. Nc3 Nf6 3. Bc4 Nxe4 4. Qh5 Nd6 5. Bb3 Nc6 6. Nb5 g6 7. Qf3 f5 8. Qd5 Qf6 9. Nxc7+ Kd8 10.
Nxa8 b6 11. Qd3 Bb7 12. h4 Ne4 13. Nf3 Bc5 14. Rf1 Nd4 15. Qc4 b5 16. Qd3 Re8 17. Ng1 Bxa8 18. Qh3 Qb6 19. Ne2 Nxe2 20.
Kxe2 Bxf2 21. d4 exd4 22. Kd1 Bg3 23. Bg5+ Kc8 24. Kc1 Qd6 25. a4 Nf2 26. Rxf2 Bxf2 27. Bd2 Be3 28. Bxe3 dxe3 29.
Kb1 Qd2 30. Qg3 e2 31. Ka2 e1=Q 32. Rxe1 Qxe1 33. Qd6 Bc6 34. Qc5 Qe3 35. Qb4 bxa4 0-1

[Event "Norwegian Championship 2022"]
[Site "Kongsvinger, Norway"]
[Date "2022.07.14"]
[Round "7"]
[White "Djurhuus, Rune"]
[Black "Stanford, Maxim Barth"]
[Result "1/2-1/2"]
[Board "6"]
[TimeControl "40/5400+30:1800+30"]
[WhiteTitle "GM"]
[BlackTitle "IM"]
[WhiteFideId "1500082"]
[BlackFideId "408280"]
[WhiteElo "2407"]
[BlackElo "2308"]

1. e4 c5 2. Nf3 Nc6 3. Bb5 Nf6 4. e5 Nd5 5. Nc3 Nc7 6. Bc4 e6 7. d3 d5 8. exd6 Bxd6 9. O-O Be7 10.
a4 b6 11. Re1 O-O 12. Bf4 Bb7 13. h3 a6 14. Ne5 Nd4 15. Ne2 b5 16. Ba2 Nd5 17. Bh2 Bd6 18. Nxd4 cxd4 19. Qg4 Bb4 20.
Re2 Nf6 21. Qf4 Nh5 22. Qg4 Nf6 23. Qf4 Nh5 24. Qg4 Nf6 1/2-1/2

[Event "Norwegian Championship 2022"]
[Site "Kongsvinger, Norway"]
[Date "2022.07.14"]
[Round "7"]
[White "Sjøberg, Isak"]
[Black " Østenstad, Berge"]
[Result "1/2-1/2"]
[Board "7"]
[TimeControl "40/5400+30:1800+30"]
[WhiteTitle "FM"]
[BlackTitle "GM"]
[WhiteFideId "1521640"]
[BlackFideId "1500058"]
[WhiteElo "2308"]
[BlackElo "2451"]

1. e4 e6 2. d4 d5 3. Nc3 Bb4 4. e5 c5 5. a3 Bxc3+ 6. bxc3 Qa5 7. Bd2 Qa4 8. h4 b6 9. h5 h6 10.
Qg4 Kf8 11. Rh3 Ne7 12. Bd3 Nbc6 13. Rg3 Rg8 14. Bh7 Nf5 15. Bxg8 Nxg3 16. Qxg3 Qxc2 17. Bxf7 Kxf7 18. Ne2 Ba6 19.
Qf3+ Kg8 20. Rc1 Qh7 21. Be3 Qd3 22. Nf4 Qf5 23. g4 Qf7 24. Qg3 Rc8 25. g5 hxg5 26. Qxg5 Ne7 27. h6 cxd4 28.
cxd4 Rxc1+ 29. Bxc1 Nf5 30. hxg7 Nxd4 31. Qd8+ Kxg7 32. Qg5+ Kf8 33. Qd8+ Kg7 34. Qg5+ Kf8 35. Qd8+ 1/2-1/2

[Event "Norwegian Championship 2022"]
[Site "Kongsvinger, Norway"]
[Date "2022.07.15"]
[Round "8"]
[White "Stanford, Maxim Barth"]
[Black "Agdestein, Simen"]
[Result "0-1"]
[Board "1"]
[TimeControl "40/5400+30:1800+30"]
[WhiteTitle "IM"]
[BlackTitle "GM"]
[WhiteFideId "408280"]
[BlackFideId "1500015"]
[WhiteElo "2308"]
[BlackElo "2559"]

1. d4 Nf6 2. c4 e6 3. Nc3 Bb4 4. Qc2 O-O 5. e4 d6 6. a3 Bxc3+ 7. bxc3 Nc6 8. Bd3 e5 9. Ne2 b6 10.
O-O Ba6 11. f4 Nd7 12. Rf3 Na5 13. Ng3 Kh8 14. Nf5 f6 15. fxe5 dxe5 16. Qe2 Nb3 17. Rh3 Qe8 18. Rb1 Nxc1 19.
Rxc1 g6 20. Nh4 Rg8 21. Rf1 Rd8 22. Qe3 Qe7 23. Rff3 Rg7 24. Qh6 Nf8 25. d5 Bc8 26. Rhg3 g5 27. Nf5 Bxf5 28. Rxf5 Ng6 29.
Rgf3 Rf8 30. g3 Rgf7 31. Bf1 Qxa3 32. h4 gxh4 33. gxh4 Nf4 34. R5xf4 exf4 35. Qxf4 Qd6 36. Bh3 Qxf4 37.
Rxf4 Kg7 38. Be6 Re7 39. Rf1 a5 40. Ra1 Ra8 41. Kf2 a4 42. Ke3 a3 43. Ra2 Rxe6 44. dxe6 Kf8 45. e5 fxe5 46.
Ke4 Ke7 47. Kf5 e4 48. Kxe4 Kxe6 49. Kd3 Kd6 50. h5 Kc5 51. h6 Ra5 52. Kc2 Kxc4 53. Kb1 Kb3 0-1

[Event "Norwegian Championship 2022"]
[Site "Kongsvinger, Norway"]
[Date "2022.07.15"]
[Round "8"]
[White "Urkedal, Frode Olav Olsen"]
[Black "Kaasen, Tor Fredrik"]
[Result "1/2-1/2"]
[Board "2"]
[TimeControl "40/5400+30:1800+30"]
[WhiteTitle "GM"]
[BlackTitle "IM"]
[WhiteFideId "1506102"]
[BlackFideId "1516647"]
[WhiteElo "2555"]
[BlackElo "2433"]

1. c4 g6 2. Nf3 Bg7 3. d4 Nf6 4. Nc3 d5 5. cxd5 Nxd5 6. e4 Nxc3 7. bxc3 c5 8. Be3 Qa5 9. Qd2 Nc6 10.
Rc1 cxd4 11. cxd4 Qxd2+ 12. Kxd2 O-O 13. Bd3 Rd8 14. Rc4 Bg4 15. d5 Bxf3 16. gxf3 Ne5 17. Rc7 e6 18. Rxb7 exd5 19.
Ke2 Nxd3 20. Kxd3 dxe4+ 21. Kxe4 f5+ 22. Kf4 Bh6+ 23. Kg3 Bxe3 24. fxe3 Rd2 25. Rc1 g5 26. Rcc7 f4+ 27. exf4 gxf4+ 28. Kh3 Rxa2 29. Rg7+ Kh8 30. Rxh7+ Kg8 31. Rhg7+ Kh8 32. Rgf7 a5 33. Rxf4 a4 34. Rh4+ Kg8 35. Rg4+ Kh8 36.
Rb5 Ra7 37. Rb8+ Kh7 38. Rb5 Ra6 39. Rb7+ Kh6 40. Rb8 Kh7 41. Rb7+ Kh6 42. Kg3 a3 43. Rb8 Kh7 44. Rb7+ Kh6 45.
Rh4+ Kg6 46. Rbh7 Ra8 47. R4h6+ Kf5 48. Rh5+ Kg6 49. R5h6+ Kf5 50. Rh8 Rxh8 51. Rxh8 Ra1 52. Rh5+ Kg6 53.
Ra5 a2 54. Kf4 Kf6 55. Ra6+ Kf7 56. h4 Rh1 57. Rxa2 Rxh4+ 58. Kg5 Rb4 59. Ra7+ Kf8 60. Ra6 Kf7 61. f4 Rb1 62. Rf6+ Kg7 63.
Rd6 Kf7 64. Rc6 Ra1 65. Rb6 Rc1 66. Rb7+ Kf8 67. Kf6 Rc6+ 68. Ke5 Rc5+ 69. Ke6 Rc6+ 70. Kd5 Ra6 71. Rd7 Ke8 72. Rh7 Kf8 73.
Ke5 Ra5+ 74. Kf6 Ra6+ 75. Kg5 Ra5+ 76. Kh4 Ra1 77. Kg4 Ra6 78. Kg5 Ra5+ 79. f5 Ra6 80. Rb7 Rc6 81. Ra7 Rb6 82.
f6 Rb1 83. Ra8+ Kf7 84. Ra7+ 1/2-1/2

[Event "Norwegian Championship 2022"]
[Site "Kongsvinger, Norway"]
[Date "2022.07.15"]
[Round "8"]
[White "Vestby-Ellingsen, Mads"]
[Black "Hammer, Jon Ludvig"]
[Result "0-1"]
[Board "3"]
[TimeControl "40/5400+30:1800+30"]
[WhiteTitle "IM"]
[BlackTitle "GM"]
[WhiteFideId "1520857"]
[BlackFideId "1503707"]
[WhiteElo "2351"]
[BlackElo "2638"]

1. e4 c5 2. Nf3 e6 3. d4 cxd4 4. Nxd4 Nf6 5. Nc3 Nc6 6. Nxc6 bxc6 7. e5 Nd5 8. Ne4 Qc7 9. f4 Qb6 10.
c4 Bb4+ 11. Ke2 f5 12. Nf2 Ba6 13. Kf3 Ne7 14. Be3 Bc5 15. Bxc5 Qxc5 16. Qd6 Qa5 17. h4 Rd8 18. h5 Rg8 19.
Qd3 c5 20. Qe3 Nc6 21. Kg3 g5 22. fxg5 Qc7 23. Re1 d6 24. exd6 Rxd6 25. Kh3 Qe7 26. Kh2 Rxg5 27. Nh3 Rxh5 28.
Be2 Rh4 29. Qxc5 Nd4 30. Qe5 Nxe2 31. Rxe2 Bxc4 32. Re3 Rd2 33. Rg3 Qd6 34. Qxd6 Rxd6 35. b3 Bd5 36. Rc1 Rd7 37. Kg1 Kf7 38.
Rf1 Kf6 39. Nf4 Be4 40. Rg8 Rd2 41. a4 e5 42. Nh3 Bd5 43. Rg3 f4 44. Nf2 fxg3 45. Ne4+ Ke6 46. Nxd2 Rd4 47. Nf3 Bxf3 48.
gxf3 Kf5 49. Rc1 Kf4 50. Rc7 Rd1+ 51. Kg2 Rd2+ 52. Kg1 h5 53. Rf7+ Ke3 54. Rxa7 h4 0-1

[Event "Norwegian Championship 2022"]
[Site "Kongsvinger, Norway"]
[Date "2022.07.15"]
[Round "8"]
[White " Østenstad, Berge"]
[Black "Hauge, Lars Oskar"]
[Result "0-1"]
[Board "4"]
[TimeControl "40/5400+30:1800+30"]
[WhiteTitle "GM"]
[BlackTitle "GM"]
[WhiteFideId "1500058"]
[BlackFideId "1509276"]
[WhiteElo "2451"]
[BlackElo "2526"]

1. Nf3 f5 2. d4 Nf6 3. g3 g6 4. Bg2 Bg7 5. c4 d6 6. Nc3 O-O 7. O-O Nc6 8. d5 Ne5 9. Qb3 Kh8 10.
Rd1 Nfd7 11. Be3 Nc5 12. Bxc5 Nxf3+ 13. exf3 dxc5 14. f4 a6 15. Re1 Qd6 16. Re2 Bd7 17. Rae1 Bf6 18. a4 Rab8 19.
h4 Be8 20. Re6 Qd8 21. Qa3 Bf7 22. R6e3 Qd6 23. Qb3 Rfe8 24. Qc2 Bd4 25. R3e2 c6 26. b3 Rbd8 27. dxc6 bxc6 28. Nb1 e5 29.
fxe5 Rxe5 30. Nd2 Rxe2 31. Rxe2 Qxg3 32. Nf3 Qd6 33. Qc1 Kg7 34. Qe1 Bf6 35. Rd2 Qc7 36. Ng5 Bc3 37. Rd7 Qxd7 38.
Qxc3+ Qd4 39. Qa5 Qa1+ 40. Kh2 Qe5+ 0-1

[Event "Norwegian Championship 2022"]
[Site "Kongsvinger, Norway"]
[Date "2022.07.15"]
[Round "8"]
[White "Østmoe, Geir Sune Tallaksen"]
[Black "Sjøberg, Isak"]
[Result "1/2-1/2"]
[Board "5"]
[TimeControl "40/5400+30:1800+30"]
[WhiteTitle "IM"]
[BlackTitle "FM"]
[WhiteFideId "1502778"]
[BlackFideId "1521640"]
[WhiteElo "2483"]
[BlackElo "2308"]

1. d4 Nf6 2. Nf3 g6 3. Nbd2 Bg7 4. e4 d6 5. Bb5+ c6 6. Bd3 O-O 7. O-O c5 8. c3 cxd4 9. cxd4 e5 10.
d5 a5 11. a4 Na6 12. Re1 Nd7 13. Bb5 Ndc5 14. Nc4 b6 15. Ra3 Rb8 16. Nfd2 f5 17. f4 Nb4 18. exf5 Bxf5 19. fxe5 Bc2 20.
Qg4 Nbd3 21. Nf3 Nxe1 22. Nxe1 Bf5 23. Qe2 dxe5 24. Nxe5 Kh8 25. Nc6 Qxd5 26. Nxb8 Rxb8 27. Nf3 Rf8 28.
Re3 Nb3 29. Bc4 Qc5 30. Bxb3 Qxc1+ 31. Kf2 Bg4 32. Re4 Bxf3 33. gxf3 Qh1 34. Kg3 Qg1+ 35. Qg2 Qc5 36. Qe2 Qg1+ 37.
Qg2 Qc5 38. Qe2 1/2-1/2

[Event "Norwegian Championship 2022"]
[Site "Kongsvinger, Norway"]
[Date "2022.07.15"]
[Round "8"]
[White "Tallaksen, Levi André"]
[Black "Elsness, Frode"]
[Result "0-1"]
[Board "6"]
[TimeControl "40/5400+30:1800+30"]
[WhiteTitle "FM"]
[BlackTitle "IM"]
[WhiteFideId "1505785"]
[BlackFideId "1501100"]
[WhiteElo "2341"]
[BlackElo "2464"]

1. d4 d5 2. c4 e6 3. Nc3 c5 4. cxd5 cxd4 5. Qxd4 Nc6 6. Qa4 exd5 7. Bf4 Bb4 8. e3 Nf6 9. Bb5 O-O 10.
Nge2 Qb6 11. O-O a6 12. Bxc6 bxc6 13. Qc2 Be7 14. Rac1 c5 15. Rfd1 Bb7 16. Be5 Rfd8 17. Na4 Qb5 18.
Bxf6 gxf6 19. Nf4 d4 20. Nxc5 Bxc5 21. a4 Qb6 22. Qxc5 Qxc5 23. Rxc5 dxe3 24. Rxd8+ Rxd8 25. fxe3 Rd1+ 26.
Kf2 Rd2+ 27. Kg3 Rxb2 28. Nd5 Kg7 29. e4 Rd2 30. a5 f5 31. Ne3 fxe4 32. Rc7 Rb2 33. Kf4 Kf6 34. Nc4 Rb4 35.
Ne3 Ke6 36. g4 Rb2 37. Nf5 Bd5 38. h4 Rf2+ 39. Kg5 Ke5 40. Rc5 Rf3 41. Kh6 e3 42. Rc2 Be4 43. Rc5+ Kf4 44. Nd4 Rf2 45.
g5 Rd2 46. Rc4 Rxd4 47. Rxd4 e2 0-1

[Event "Norwegian Championship 2022"]
[Site "Kongsvinger, Norway"]
[Date "2022.07.15"]
[Round "8"]
[White "Djurhuus, Rune"]
[Black "Abdrlauf, Elham"]
[Result "0-1"]
[Board "7"]
[TimeControl "40/5400+30:1800+30"]
[WhiteTitle "GM"]
[BlackTitle "FM"]
[WhiteFideId "1500082"]
[BlackFideId "1533533"]
[WhiteElo "2407"]
[BlackElo "2466"]

1. e4 c5 2. Nf3 Nc6 3. Bb5 g6 4. Bxc6 bxc6 5. O-O Bg7 6. Re1 Nh6 7. c3 f5 8. e5 Nf7 9. d4 cxd4 10.
cxd4 O-O 11. Bf4 e6 12. h4 h6 13. Qd2 c5 14. d5 Bb7 15. Nc3 Qb6 16. Rad1 Rab8 17. Qe3 Qxb2 18. Rb1 Qa3 19.
Rb3 Qa6 20. Qxc5 Ba8 21. Ra3 Qc8 22. Qxa7 Rb4 23. Bd2 Rg4 24. Ra5 Rc4 25. Qe3 Re8 26. Qd3 Rg4 27. a4 Qc7 28. Nb5 Qb6 29.
Nd6 Nxd6 30. exd6 Qxd6 31. Qb3 Kh7 32. Rxa8 Rxa8 33. dxe6 Rgxa4 34. exd7 Qxd7 35. Qe6 Qxe6 36. Rxe6 R4a6 37.
Re7 R8a7 38. Re8 Rd7 39. Be3 Bf6 40. Rc8 Re6 41. Rc5 Be7 42. Rb5 Rf6 43. g3 Bd6 44. Rd5 Rdf7 45. Kg2 Bc7 46.
Ne5 Rg7 47. Nf3 Rd6 48. Rb5 Rf7 49. Ne5 Re7 50. Nf3 Rf6 51. Bc5 Rd7 52. Bd4 Rfd6 53. Be3 Rd5 54. Rb4 Bd6 55. Rb6 Bc5 56.
Bxc5 Rxc5 57. Ng1 Rcd5 58. Nh3 R5d6 59. Rb5 Rf7 60. Rb8 Kg7 61. Ra8 Rb7 62. Rc8 Ra6 63. Rd8 Kf6 64. Rf8+ Rf7 65.
Rh8 Kg7 66. Rb8 Rc7 67. Rb5 Rf6 68. Ra5 Kh7 69. Rb5 Rg7 70. Rb4 g5 71. hxg5 hxg5 72. g4 Kg6 73. gxf5+ Rxf5 74. f3 Ra7 75. Rb3 Kh5 76. Kg3 Ra1 77.
Rc3 Ra2 78. Rb3 Rc5 79. Rd3 Rcc2 80. Rd5 Rg2# 0-1

[ePGN "0.1;DGT LiveChess/2.2.5"]

[Event "Norwegian Championship 2022"]
[Site "Kongsvinger, Norway"]
[Date "2022.07.16"]
[Round "9"]
[White "Agdestein, Simen"]
[Black "Sjøberg, Isak"]
[Result "1-0"]
[Board "1"]
[TimeControl "40/5400+30:1800+30"]
[WhiteTitle "GM"]
[BlackTitle "FM"]
[WhiteFideId "1500015"]
[BlackFideId "1521640"]
[WhiteElo "2559"]
[BlackElo "2308"]

1. d4 Nf6 2. c4 g6 3. Nc3 Bg7 4. e4 d6 5. Nf3 O-O 6. Be2 e5 7. O-O Nc6 8. d5 Ne7 9. Nd2 Nd7 10.
b4 a5 11. bxa5 Rxa5 12. Nb3 Ra8 13. a4 f5 14. f3 b6 15. a5 bxa5 16. Be3 Nf6 17. c5 a4 18. Nd2 h5 19. Rxa4 Rxa4 20.
Qxa4 f4 21. Bf2 g5 22. cxd6 cxd6 23. Nc4 Ne8 24. Rb1 Bd7 25. Qa5 Qxa5 26. Nxa5 Nc8 27. Rb7 Nf6 28. Nc6 1-0

[Event "Norwegian Championship 2022"]
[Site "Kongsvinger, Norway"]
[Date "2022.07.16"]
[Round "9"]
[White "Hammer, Jon Ludvig"]
[Black "Urkedal, Frode Olav Olsen"]
[Result "1-0"]
[Board "2"]
[TimeControl "40/5400+30:1800+30"]
[WhiteTitle "GM"]
[BlackTitle "GM"]
[WhiteFideId "1503707"]
[BlackFideId "1506102"]
[WhiteElo "2638"]
[BlackElo "2555"]

1. d4 Nf6 2. c4 e6 3. Nf3 d5 4.
Nc3 Be7 5. Bf4 O-O 6. e3 Nbd7 7. c5 Nh5 8. Bd3 Nxf4 9. exf4 c6 10. O-O b6 11. b4 a5 12. a3 Ba6 13. g3 Qc8 14.
Qc2 g6 15. Rfc1 Bxd3 16. Qxd3 Qb7 17. Kg2 axb4 18. axb4 Rxa1 19. Rxa1 Ra8 20. Qb1 Bf6 21. Rxa8+ Qxa8 22. Qa2 Qb7 23.
Ne2 h5 24. Nc1 Kg7 25. Qa4 Nb8 26. Nd3 Bd8 27. Nde5 f6 28. Qc2 fxe5 29. Nxe5 Qe7 30. Qxg6+ Kf8 31. Qh6+ Kg8 32. Qg6+ Kf8 33.
f5 Qf6 34. Qh7 Qxf5 35. Qb7 Ke8 36. Qxb8 h4 37. gxh4 Qe4+ 38. Nf3 bxc5 39. bxc5 Kf7 40. Qe5 Qg4+ 41. Qg3 Qe4 42. h3 Bf6 43.
Qg4 Qd3 44. Ng5+ Kf8 45. Qxe6 Bxg5 46. hxg5 Qxd4 47. g6 Qf4 48. Qd6+ 1-0

[Event "Norwegian Championship 2022"]
[Site "Kongsvinger, Norway"]
[Date "2022.07.16"]
[Round "9"]
[White "Kaasen, Tor Fredrik"]
[Black "Elsness, Frode"]
[Result "1/2-1/2"]
[Board "3"]
[TimeControl "40/5400+30:1800+30"]
[WhiteTitle "IM"]
[BlackTitle "IM"]
[WhiteFideId "1516647"]
[BlackFideId "1501100"]
[WhiteElo "2433"]
[BlackElo "2464"]

1. e4 c5 2. Nf3 Nc6 3. Bb5 e5 4. O-O Bd6 5. c3 a6 6. Ba4 b5 7. Bc2 Nge7 8. d3 O-O 9. Be3 Ng6 10.
a4 b4 11. Nbd2 Be7 12. h4 d6 13. h5 Nf4 14. h6 gxh6 15. g3 Nh3+ 16. Kg2 Bg4 17. Bxh6 1/2-1/2

[Event "Norwegian Championship 2022"]
[Site "Kongsvinger, Norway"]
[Date "2022.07.16"]
[Round "9"]
[White "Hauge, Lars Oskar"]
[Black "Stanford, Maxim Barth"]
[Result "1-0"]
[Board "4"]
[TimeControl "40/5400+30:1800+30"]
[WhiteTitle "GM"]
[BlackTitle "IM"]
[WhiteFideId "1509276"]
[BlackFideId "408280"]
[WhiteElo "2526"]
[BlackElo "2308"]

1. e4 c5 2. Nf3 Nc6 3. Bc4 e6 4. O-O a6 5. d4 cxd4 6. Nxd4 Qc7 7. Nxc6 Qxc6 8. Bd3 h5 9. Qe2 Qc7 10.
Nd2 Nf6 11. h3 d6 12. Nf3 e5 13. Ng5 Be7 14. f4 Bd7 15. c4 O-O 16. b3 b5 17. Be3 Rab8 18. Rac1 Qd8 19. c5 dxc5 20.
fxe5 Ng4 21. hxg4 Bxg5 22. gxh5 Bg4 23. Qd2 c4 24. Bxg5 Qxd3 25. h6 Qxd2 26. Bxd2 cxb3 27. axb3 Rfc8 28.
Ra1 Rb6 29. hxg7 Kxg7 30. Bg5 Rc2 31. Rf4 Be6 32. Rf3 Rbc6 33. Rg3 Bc8 34. Bf6+ Kf8 35. Rd3 Kg8 36. Rg3+ Kf8 37. Rd3 Kg8 38.
Rd8+ Kh7 39. Rh8+ Kg6 40. Rg8+ Kh6 41. Rf1 Rc1 42. g4 Rxf1+ 43. Kxf1 Bb7 44. Kf2 Rc8 45. Rg7 Bxe4 46. Kg3 Rc1 47.
Rxf7 Bd5 48. Ra7 Rg1+ 49. Kf4 Rf1+ 50. Ke3 Rf3+ 51. Kd4 Bxb3 52. Ke4 Rf1 53. Rxa6 Re1+ 54. Kf4 Rf1+ 55. Ke3 Kg6 56.
Rb6 Bc4 57. Bh4+ Kf7 58. Bf2 Ra1 59. g5 Ra8 60. Kf4 Re8 61. Rf6+ Kg7 62. g6 Bd3 63. Bd4 Bxg6 64. Kg5 Bf7 65.
e6 Bxe6 66. Rxe6+ Kf7 67. Rh6 Re1 68. Kf5 Rf1+ 69. Ke4 Re1+ 70. Kd5 b4 71. Rb6 Rb1 72. Rb7+ Kg6 73. Ke6 Kg5 74. Rg7+ Kf4 75.
Kd5 Kf3 76. Rf7+ Kg3 77. Ke4 b3 78. Rg7+ Kh4 79. Bf2 Kh5 80. Rb7 Kg6 81. Kd3 Kf5 82. Bd4 Ke6 83. Rh7 Kd5 84. Rh5+ Ke6 85.
Rh2 Kd5 86. Bb2 Rf1 87. Kc3 Rf3+ 88. Kb4 Ke4 89. Bc3 Rf8 90. Kxb3 Rb8+ 91. Kc2 Ra8 92. Re2+ Kf3 93. Re7 Rd8 94.
Be5 Rd5 95. Kc3 Rd1 96. Bd4 Rc1+ 97. Kd3 Rd1+ 98. Kc4 Rc1+ 99. Kd5 Rc8 100. Rf7+ Kg2 101. Ke4 Re8+ 102. Kf4 Rg8 103. Rf5 Rg6 104.
Ra5 Rg8 105. Ra2+ Kh3 106. Be5 Rf8+ 107. Ke4 Rc8 108. Kf3 Kh4 109. Rg2 Kh5 110. Kf4 Rf8+ 111. Ke4 Rf7 112. Rg1 Kh6 113.
Bd4 Kh7 114. Ke5 Rf3 115. Ke6 Kh6 116. Be5 Kh5 117. Bf6 Re3+ 118. Kf7 Rf3 119. Rg8 Rf5 120. Rg3 Ra5 121. Ke6 Rb5 122.
Rg2 Ra5 123. Be5 Kh6 124. Kf5 Kh7 125. Rg7+ Kh6 126. Rg8 Ra7 127. Rg2 Rf7+ 128. Bf6 1-0

[Event "Norwegian Championship 2022"]
[Site "Kongsvinger, Norway"]
[Date "2022.07.16"]
[Round "9"]
[White "Tallaksen, Levi André"]
[Black "Østmoe, Geir Sune Tallaksen"]
[Result "1/2-1/2"]
[Board "5"]
[TimeControl "40/5400+30:1800+30"]
[WhiteTitle "FM"]
[BlackTitle "IM"]
[WhiteFideId "1505785"]
[BlackFideId "1502778"]
[WhiteElo "2341"]
[BlackElo "2483"]

1. d4 Nf6 2. c4 e6 3. Nf3 d5 4. Nc3 Bb4 5. e3 O-O 6. Bd3 b6 7. O-O Ba6 8. Ne5 dxc4 9. Nxc4 c5 10.
Qf3 Nbd7 11. a3 Bxc3 12. bxc3 e5 13. dxe5 Bxc4 14. Bxc4 Nxe5 15. Qe2 Ne4 16. Ba6 c4 17. Bxc4 Qc7 18.
Ba6 Rad8 19. f3 Nc5 20. e4 Nxa6 21. Qxa6 Qc5+ 22. Kh1 Nd3 23. h3 Nf2+ 24. Kh2 Qe5+ 25. g3 Qxc3 26. Ra2 Nd1 27.
Bg5 Rd3 28. Qa4 Rxf3 29. Qxd1 Rxg3 30. Bf4 Rxh3+ 31. Kg2 Rd3 32. Qg4 Qc6 33. Be5 f6 34. Raf2 h5 35. Qg6 Qe6 36. Bh2 Rxa3 37.
e5 Qh3+ 38. Kg1 Ra4 39. Rg2 Rg4 40. Rxg4 Qxg4+ 41. Qxg4 hxg4 42. e6 Re8 43. Re1 g5 44. Bd6 f5 45. Re5 Kg7 46. Rxf5 Rxe6 47.
Rxg5+ Kf6 48. Rd5 a6 49. Kf2 b5 50. Bb4 Re4 51. Ba5 Ke6 52. Rg5 Kf6 53. Rc5 Rc4 54. Rh5 Ra4 55. Rh6+ Kf5 56.
Rxa6 Ra2+ 57. Kg3 Ra3+ 58. Kg2 Ra2+ 1/2-1/2

[Event "Norwegian Championship 2022"]
[Site "Kongsvinger, Norway"]
[Date "2022.07.16"]
[Round "9"]
[White "Abdrlauf, Elham"]
[Black " Østenstad, Berge"]
[Result "1/2-1/2"]
[Board "6"]
[TimeControl "40/5400+30:1800+30"]
[WhiteTitle "FM"]
[BlackTitle "GM"]
[WhiteFideId "1533533"]
[BlackFideId "1500058"]
[WhiteElo "2466"]
[BlackElo "2451"]

1. e4 e5 2. Nc3 Nf6 3. Bc4 Nxe4 4.
Qh5 Nd6 5. Bb3 Be7 6. Qxe5 O-O 7. Nf3 Nc6 8. Qf4 Na5 9. d4 c6 10. O-O b5 11. Re1 Bb7 12. Ne5 b4 13. Na4 Nxb3 14.
axb3 Ne8 15. Nc5 Bc8 16. Bd2 Nc7 17. Qe4 Nd5 18. c4 bxc3 19. bxc3 f6 20. Ned3 Re8 21. c4 Nc7 22. Qf3 d6 23.
Na4 Bd7 24. Ba5 Qc8 25. d5 Na6 26. Nf4 Qb7 27. Qg3 Bf8 28. Nh5 Kh8 29. Bc3 cxd5 30. cxd5 Rxe1+ 31. Rxe1 Re8 32. Rxe8 Bxe8 33.
Nxf6 Bxa4 34. Qh4 h6 35.
Qxa4 gxf6 36. Bxf6+ Bg7 37. Qe8+ Kh7 38. Qe4+ Kg8 39. Bxg7 Qxg7 40. Qe6+ Kh7 41. Qf5+ Qg6 42. Qd7+ Qg7 43.
Qf5+ Qg6 1/2-1/2